[Event "FIDE Womens World Cup 2021"]
[Site "Sochi"]
[Date "2021.07.12"]
[Round "1.34"]
[White "Abrahamyan, Tatev"]
[Black "Radeva, Viktoria"]
[Result "1-0"]
[ECO "B43"]
[WhiteElo "2352"]
[BlackElo "2335"]
[Annotator "NA"]
[PlyCount "73"]
[EventDate "2021.07.12"]
[EventType "k.o."]
[EventCountry "RUS"]
[SourceTitle "playchess.com"]
[Source "ChessBase"]
[SourceQuality "1"]
[TimeControl "40/5400+30:1800+30"]

1. e4 c5 2. Nf3 e6 3. d4 cxd4 4. Nxd4 a6 5. Nc3 Qc7 6. Bd3 Nf6 7. f4 d6 8. Qf3 b5 9. g4 Nc6 10. Nxc6 Qxc6 11. g5 Nd7 12. Be3 Bb7 13. a3 h6 14. g6 f5 15. Qh3 Be7 16. O-O-O Bf6 17. Bd2 Nc5 18. Rhe1 O-O 19. exf5 Nxd3+ 20. Qxd3 exf5 21. Qxf5 Kh8 22. Qd3 Rfe8 23. Ne2 Qf3 24. Ng3 Rec8 25. Kb1 a5 26. Ne4 Bxe4 27. Qxe4 Qh5 28. Bxa5 Qxh2 29. Rxd6 Qh4 30. Bd8 Qxe1+ 31. Qxe1 Rxd8 32. Rxf6 b4 33. Rf7 bxa3 34. bxa3 Rxa3 35. Qe5 Rg8 36. f5 Raa8 37. f6 1-0

[Event "FIDE Womens World Cup 2021"]
[Site "Sochi"]
[Date "2021.07.12"]
[Round "1.35"]
[White "Majdan, Joanna"]
[Black "Gaponenko, Inna"]
[Result "0-1"]
[ECO "B80"]
[WhiteElo "2339"]
[BlackElo "2357"]
[Annotator "NA"]
[PlyCount "89"]
[EventDate "2021.07.12"]
[EventType "k.o."]
[EventCountry "RUS"]
[SourceTitle "playchess.com"]
[Source "ChessBase"]
[SourceQuality "1"]
[TimeControl "40/5400+30:1800+30"]

1. e4 c5 2. Nf3 e6 3. d4 cxd4 4. Nxd4 Nf6 5. Nc3 d6 6. Bg5 h6 7. Bh4 Nc6 8. Qd3 Qb6 9. Bxf6 $11 gxf6 10. Nb3 Bd7 11. f4 O-O-O 12. O-O-O Kb8 13. Be2 h5 14. Rhf1 h4 15. Kb1 Be7 16. f5 Ne5 17. Qh3 Bc8 18. Rf4 d5 19. exd5 exf5 20. Na4 Qc7 21. Qe3 Bd6 22. Rfd4 Ng4 23. Qd2 Nf2 24. Rf1 Ne4 25. Qd1 Bxh2 26. Bf3 Be5 27. Bxe4 Bxd4 28. Qxd4 fxe4 29. Rxf6 e3 30. Nc3 a6 31. Qxe3 Rde8 32. Qd2 Qe7 33. Rf1 Qe3 34. Qd1 Qg3 35. d6 Qxg2 36. Rxf7 h3 37. d7 Bxd7 38. Qd6+ Ka8 39. Nd5 Rc8 40. Nb6+ Ka7 41. Nxc8+ Rxc8 42. Qd4+ Ka8 43. Rf2 Qg1+ 44. Nc1 h2 45. Qd1 0-1

[Event "FIDE Womens World Cup 2021"]
[Site "Sochi"]
[Date "2021.07.12"]
[Round "1.36"]
[White "Injac, Teodora"]
[Black "Belenkaya, Dina"]
[Result "1-0"]
[ECO "E11"]
[WhiteElo "2370"]
[BlackElo "2341"]
[Annotator "NA"]
[PlyCount "155"]
[EventDate "2021.07.12"]
[EventType "k.o."]
[EventCountry "RUS"]
[SourceTitle "playchess.com"]
[Source "ChessBase"]
[SourceQuality "1"]
[TimeControl "40/5400+30:1800+30"]

1. d4 Nf6 2. c4 e6 3. Nf3 Bb4+ 4. Bd2 a5 5. a3 Bxd2+ 6. Qxd2 d6 7. Nc3 Nc6 8. e4 e5 9. dxe5 dxe5 10. Qxd8+ Kxd8 11. O-O-O+ Bd7 12. c5 Kc8 13. Bc4 Be6 14. Bxe6+ fxe6 15. Rd3 a4 16. Rhd1 Ra5 17. Kb1 Rxc5 18. Ng5 Rc4 19. Nxe6 b6 20. f3 Re8 21. Nxg7 Rg8 22. Nf5 Kb7 23. g3 Rf8 24. g4 Ka6 25. g5 Ne8 26. Rd7 Nd4 27. Nxd4 exd4 28. R1xd4 Rxd4 29. Rxd4 Rxf3 30. Rd7 Rf1+ 31. Ka2 Nd6 32. Rxc7 Nf7 33. h4 b5 34. Rc6+ Kb7 35. Re6 Nd8 36. Re5 Rh1 37. Rxb5+ Kc6 38. Rd5 Ne6 39. Nxa4 Rxh4 40. Nc3 Rg4 41. e5 Nxg5 42. Rd6+ Kc5 43. Rh6 Rg3 44. Rxh7 Re3 45. Rh5 Ne6 46. Rh4 Rxe5 47. Re4 Rxe4 48. Nxe4+ Kd4 49. Nd2 Kd3 50. Nb3 Kc4 51. Nd2+ Kd3 52. Nf3 Kc4 53. b3+ Kc3 54. b4 Nc7 55. Ne5 Nd5 56. Nc6 Kc4 57. Kb2 Kb5 58. Nd4+ Ka4 59. Nc2 Nc7 60. Kc3 Nb5+ 61. Kc4 Nd6+ 62. Kd5 Nb5 63. Kc5 Nc3 64. Nd4 Ne4+ 65. Kc6 Kxa3 66. b5 Kb4 67. b6 Nc5 68. Nc2+ Kc4 69. Ne3+ Kb4 70. Nd5+ Kc4 71. Ne7 Kb4 72. Nc8 Kc4 73. Nd6+ Kb4 74. Ne4 Ne6 75. Kd7 Nf8+ 76. Ke7 Ng6+ 77. Kd6 Ka5 78. b7 1-0

[Event "FIDE Womens World Cup 2021"]
[Site "Sochi"]
[Date "2021.07.12"]
[Round "1.37"]
[White "Tokhirjonova, Gulrukhbegim"]
[Black "Lujan, Carolina"]
[Result "1-0"]
[ECO "B24"]
[WhiteElo "2320"]
[BlackElo "2346"]
[Annotator "NA"]
[PlyCount "129"]
[EventDate "2021.07.12"]
[EventType "k.o."]
[EventCountry "RUS"]
[SourceTitle "playchess.com"]
[Source "ChessBase"]
[SourceQuality "1"]
[TimeControl "40/5400+30:1800+30"]

1. e4 c5 2. Nc3 Nc6 3. Nf3 e5 4. Bc4 Be7 5. d3 Nf6 6. Ng5 O-O 7. h4 Nb4 8. a3 d5 9. Bb3 c4 10. dxc4 dxc4 11. Bxc4 Qxd1+ 12. Kxd1 Ng4 13. Rf1 Nc6 14. Nd5 h6 15. Nxe7+ Nxe7 16. Nf3 Kh8 17. Bd2 f5 18. Bb4 Rd8+ 19. Nd2 Nc6 20. Bd3 Nh2 21. Rh1 Ng4 22. Ke1 f4 23. Bc3 Be6 24. Ke2 Nd4+ 25. Bxd4 Rxd4 26. Rag1 Rc8 27. g3 fxg3 28. Rxg3 Rf8 29. Rf1 Rd7 30. f3 Nf6 31. Bb5 Nh5 32. Rgg1 Nf4+ 33. Ke3 Rc7 34. Rc1 Rfc8 35. c3 a6 36. Be2 Rd8 37. Rcd1 Rcd7 38. a4 Kh7 39. a5 Rc8 40. Ra1 Rcd8 41. Rad1 Rc8 42. Nb1 Rxd1 43. Rxd1 Rc5 44. b4 Rc7 45. Rc1 Ng2+ 46. Kf2 Nxh4 47. c4 Ng6 48. Bf1 Nf4 49. c5 Bd7 50. Na3 Kg6 51. Nc4 Kf6 52. Rd1 Bb5 53. Rd6+ Ne6 54. Nb6 Rc6 55. Nd7+ Kg5 56. Bxb5 Rxd6 57. cxd6 axb5 58. Nxe5 Nd8 59. Nd3 Kf6 60. Nc5 Nc6 61. Nxb7 Ke6 62. a6 Kd7 63. e5 g5 64. Nc5+ Kc8 65. e6 1-0

[Event "FIDE Womens World Cup 2021"]
[Site "Sochi"]
[Date "2021.07.15"]
[Round "2.1"]
[White "Muzychuk, Anna"]
[Black "Abrahamyan, Tatev"]
[Result "1-0"]
[ECO "C19"]
[WhiteElo "2527"]
[BlackElo "2352"]
[Annotator "ChessBase"]
[PlyCount "175"]
[EventDate "2021.07.12"]
[EventType "k.o."]
[EventCountry "RUS"]
[SourceTitle "playchess.com"]
[Source "ChessBase"]
[SourceQuality "1"]
[TimeControl "40/5400+30:1800+30"]

1. e4 e6 2. d4 d5 3. Nc3 Bb4 4. e5 c5 5. a3 Bxc3+ 6. bxc3 Ne7 7. a4 Qc7 8. Nf3 h6 9. h4 b6 10. Bb5+ Bd7 11. Be2 Nbc6 12. O-O O-O 13. Bf4 f5 14. exf6 Qxf4 15. fxe7 Rf7 16. Bb5 Rxe7 17. Bxc6 Bxc6 18. Ne5 Be8 19. a5 Rc8 20. axb6 axb6 21. g3 Qf5 22. Re1 Rec7 23. Re3 b5 24. dxc5 Rxc5 25. Qd4 R5c7 26. Ra6 Qxc2 27. Rxe6 Bf7 28. Rd6 Ra8 29. Kg2 Kh7 30. Rf3 Bh5 31. g4 Ra4 32. Qb6 Bxg4 33. Qxc7 Bxf3+ 34. Nxf3 Rg4+ 35. Kh3 Qf5 36. Rf6 Rxh4+ 37. Kxh4 Qxf6+ 38. Kg3 Qg6+ 39. Kh2 Qh5+ 40. Kg2 b4 41. cxb4 Qg4+ 42. Qg3 Qxb4 43. Qh4 Qd6 44. Qg4 Qg6 45. Kh3 Qf6 46. Qh5 Qe6+ 47. Kg3 Kg8 48. Qe5 Kf7 49. Qf4+ Qf6 50. Qc7+ Kg8 51. Qb8+ Kh7 52. Qe5 Qg6+ 53. Kf4 Qc6 54. Qf5+ Kg8 55. Nd4 Qc7+ 56. Kg4 Qc4 57. Qe5 Kh7 58. Qf4 Qf1 59. Kf5 Qe1 60. Qe3 Qb1+ 61. Ke5 Qa2 62. Qf3 Kh8 63. Ke6 Kh7 64. Qf5+ Kh8 65. Kd6 Qa6+ 66. Kxd5 Qb7+ 67. Ke5 Qc7+ 68. Ke4 Qe7+ 69. Kf3 Qb7+ 70. Kg3 Qc7+ 71. Qf4 Qe7 72. Nf3 Qe6 73. Ne5 Qb3+ 74. Kh2 Qe6 75. Qe4 Kg8 76. Qc4 Qxc4 77. Nxc4 Kf7 78. Kg3 Kf6 79. Kf4 g6 80. Ne3 g5+ 81. Ke4 h5 82. Nf5 Kg6 83. Ne3 Kf6 84. Nf1 Kg6 85. Ke5 g4 86. Kf4 Kf6 87. Ne3 Kg6 88. Nxg4 1-0

[Event "FIDE Womens World Cup 2021"]
[Site "Sochi"]
[Date "2021.07.15"]
[Round "2.1"]
[White "Harika, Dronavalli"]
[Black "Aulia, Medina Warda"]
[Result "1-0"]
[ECO "C70"]
[WhiteElo "2515"]
[BlackElo "2360"]
[Annotator "ChessBase"]
[PlyCount "95"]
[EventDate "2021.07.12"]
[EventType "k.o."]
[EventCountry "RUS"]
[SourceTitle "playchess.com"]
[Source "ChessBase"]
[SourceQuality "1"]
[TimeControl "40/5400+30:1800+30"]

1. e4 e5 2. Nf3 Nc6 3. Bb5 a6 4. Ba4 b5 5. Bb3 Na5 6. O-O d6 7. d4 exd4 8. Re1 Nxb3 9. axb3 c5 10. c3 d3 11. Qxd3 Be7 12. c4 b4 13. e5 Be6 14. exd6 Qxd6 15. Qe4 Ra7 16. Bf4 Qb6 17. Ne5 Nf6 18. Qc6+ Qxc6 19. Nxc6 Ra8 20. Nd2 Bf8 21. Nb8 a5 22. Nf3 Nh5 23. Bc7 Be7 24. Rxa5 Rxa5 25. Bxa5 Bd6 26. Rd1 Be7 27. Nc6 f6 28. Bb6 g5 29. Re1 Ng7 30. Nxe7 Kxe7 31. Bxc5+ Kf7 32. Nd4 Rb8 33. Nb5 Kg6 34. Bd6 Rb7 35. Bf8 Bd7 36. Nd6 Ra7 37. Bxg7 Kxg7 38. Re7+ Kg6 39. f3 Ra1+ 40. Kf2 Bf5 41. Nxf5 Kxf5 42. g4+ Kg6 43. Rb7 Rb1 44. Rxb4 Rxb2+ 45. Kg3 h5 46. gxh5+ Kxh5 47. Rb5 Rc2 48. h4 1-0

[Event "FIDE Womens World Cup 2021"]
[Site "Sochi"]
[Date "2021.07.15"]
[Round "2.1"]
[White "Khademalsharieh, Sarasadat"]
[Black "Padmini, Rout"]
[Result "1/2-1/2"]
[ECO "D85"]
[WhiteElo "2494"]
[BlackElo "2370"]
[Annotator "ChessBase"]
[PlyCount "29"]
[EventDate "2021.07.12"]
[EventType "k.o."]
[EventCountry "RUS"]
[SourceTitle "playchess.com"]
[Source "ChessBase"]
[SourceQuality "1"]
[TimeControl "40/5400+30:1800+30"]

1. d4 Nf6 2. c4 g6 3. Nc3 d5 4. cxd5 Nxd5 5. e4 Nxc3 6. bxc3 Bg7 7. Nf3 c5 8. h3 O-O 9. Be3 Qa5 10. Bd2 Qa3 11. Qc1 Qa4 12. Qd1 Qa3 13. Qc1 Qa4 14. Qd1 Qa3 15. Qc1 1/2-1/2

[Event "FIDE Womens World Cup 2021"]
[Site "Sochi"]
[Date "2021.07.15"]
[Round "2.1"]
[White "Shuvalova, Polina"]
[Black "Munkhzul, Turmunkh"]
[Result "1-0"]
[ECO "C42"]
[WhiteElo "2489"]
[BlackElo "2278"]
[Annotator "ChessBase"]
[PlyCount "105"]
[EventDate "2021.07.12"]
[EventType "k.o."]
[EventCountry "RUS"]
[SourceTitle "playchess.com"]
[Source "ChessBase"]
[SourceQuality "1"]
[TimeControl "40/5400+30:1800+30"]

1. e4 e5 2. Nf3 Nf6 3. Nxe5 d6 4. Nf3 Nxe4 5. d4 d5 6. Bd3 Nc6 7. O-O Be7 8. Nbd2 Nxd2 9. Bxd2 Bg4 10. c3 O-O 11. h3 Bh5 12. g3 Qd7 13. Kg2 Bg6 14. Bxg6 fxg6 15. Bf4 Bd6 16. Bxd6 Qxd6 17. Qd3 Rae8 18. Rae1 a6 19. b4 Rxe1 20. Rxe1 Qf6 21. Re3 h6 22. Qe2 g5 23. a4 Qd6 24. Ne1 a5 25. Re6 Qd7 26. b5 Nd8 27. Re7 Qd6 28. Nd3 Rf7 29. Re8+ Rf8 30. Re7 Rf7 31. Re5 Kh7 32. Qc2 Qg6 33. Qe2 Qd6 34. Qa2 c6 35. b6 Ne6 36. Qe2 Rf6 37. Qe3 Qd7 38. Nc1 Qf7 39. Nb3 Qg6 40. Qe2 Nf4+ 41. gxf4 gxf4+ 42. Kh2 f3 43. Qf1 Qc2 44. Nc5 Rg6 45. Re3 Qf5 46. Kh1 Kg8 47. Nxb7 Qf4 48. Nc5 Rg2 49. Qxg2 fxg2+ 50. Kxg2 Qg5+ 51. Kf1 Qg6 52. b7 Qb1+ 53. Re1 1-0

[Event "FIDE Womens World Cup 2021"]
[Site "Sochi"]
[Date "2021.07.15"]
[Round "2.1"]
[White "Saduakassova, Dinara"]
[Black "Yu, Jennifer"]
[Result "1-0"]
[ECO "D37"]
[WhiteElo "2483"]
[BlackElo "2289"]
[Annotator "ChessBase"]
[PlyCount "75"]
[EventDate "2021.07.12"]
[EventType "k.o."]
[EventCountry "RUS"]
[SourceTitle "playchess.com"]
[Source "ChessBase"]
[SourceQuality "1"]
[TimeControl "40/5400+30:1800+30"]

1. d4 Nf6 2. c4 e6 3. Nf3 d5 4. Nc3 dxc4 5. e3 c5 6. Bxc4 Nc6 7. O-O a6 8. Qe2 b5 9. Bb3 Bb7 10. Rd1 Qc7 11. d5 exd5 12. Nxd5 Nxd5 13. Bxd5 Be7 14. a4 b4 15. e4 O-O 16. Be3 Rad8 17. Rac1 Na5 18. h3 Bxd5 19. Rxd5 Rxd5 20. exd5 Rd8 21. Qxa6 Rxd5 22. Nd2 h6 23. Qa8+ Rd8 24. Qe4 Qd7 25. Qg4 Qxa4 26. Bxh6 Bf6 27. Rxc5 Nb3 28. Ne4 Bxb2 29. Rc8 Qa1+ 30. Kh2 Rxc8 31. Qxc8+ Kh7 32. Bf4 Qd1 33. Qf5+ Kg8 34. Qc8+ Kh7 35. Ng5+ Kg6 36. Qb7 f6 37. Qe4+ f5 38. Qe8+ 1-0

[Event "FIDE Womens World Cup 2021"]
[Site "Sochi"]
[Date "2021.07.15"]
[Round "2.1"]
[White "Kosteniuk, Alexandra"]
[Black "Cori T., Deysi"]
[Result "1-0"]
[ECO "C02"]
[WhiteElo "2472"]
[BlackElo "2388"]
[Annotator "ChessBase"]
[PlyCount "81"]
[EventDate "2021.07.12"]
[EventType "k.o."]
[EventCountry "RUS"]
[SourceTitle "playchess.com"]
[Source "ChessBase"]
[SourceQuality "1"]
[TimeControl "40/5400+30:1800+30"]

1. e4 e6 2. d4 d5 3. e5 c5 4. c3 Nc6 5. Nf3 Nh6 6. Bxh6 gxh6 7. Be2 Qb6 8. Qd2 Bg7 9. O-O O-O 10. Na3 cxd4 11. cxd4 f6 12. exf6 Rxf6 13. Nc2 Bd7 14. b4 Rf7 15. a4 Raf8 16. Ra3 Ne7 17. Ne3 Rf4 18. Nc2 Kh8 19. g3 R4f7 20. Bd1 Nf5 21. Ne5 Bxe5 22. dxe5 Rg7 23. b5 Qc7 24. Re1 Qc5 25. Rc3 Qb6 26. Rf3 Rc8 27. Be2 h5 28. Bd3 Nd4 29. Nxd4 Qxd4 30. Rf4 Qc5 31. Kg2 Kg8 32. Rf6 Qa3 33. Re3 Qxa4 34. Ref3 a5 35. Qh6 Qb4 36. R3f4 Qa3 37. Rf3 Qc5 38. Qxh5 Be8 39. Bxh7+ Rxh7 40. Qg4+ Rg7 41. Qxe6+ 1-0

[Event "FIDE Womens World Cup 2021"]
[Site "Sochi"]
[Date "2021.07.15"]
[Round "2.1"]
[White "Khotenashvili, Bela"]
[Black "Vaishali R"]
[Result "1-0"]
[ECO "D71"]
[WhiteElo "2471"]
[BlackElo "2393"]
[Annotator "ChessBase"]
[PlyCount "107"]
[EventDate "2021.07.12"]
[EventType "k.o."]
[EventCountry "RUS"]
[SourceTitle "playchess.com"]
[Source "ChessBase"]
[SourceQuality "1"]
[TimeControl "40/5400+30:1800+30"]

1. d4 Nf6 2. c4 g6 3. g3 c6 4. Bg2 d5 5. Qa4 Nfd7 6. cxd5 Nb6 7. Qd1 cxd5 8. Nc3 Nc6 9. Nf3 Bg7 10. e3 Bg4 11. h3 Bxf3 12. Bxf3 O-O 13. O-O Rc8 14. Bg2 e6 15. Ne2 a5 16. b3 Qe7 17. a4 Nb4 18. Ba3 Rc7 19. Qd2 Rfc8 20. Rfc1 Bf8 21. Rxc7 Rxc7 22. Nc3 Qd8 23. Bb2 Nc8 24. Rc1 Nd6 25. Ba3 h5 26. Bxb4 axb4 27. Na2 Ne4 28. Bxe4 dxe4 29. Rc4 Rxc4 30. bxc4 h4 31. g4 f5 32. Nc1 Qa5 33. Qd1 Bd6 34. c5 Bb8 35. gxf5 exf5 36. Qb3+ Kg7 37. Ne2 Qa6 38. Kf1 Qd3 39. Qxb4 f4 40. exf4 Bxf4 41. Ke1 Bg5 42. Qb5 Qa3 43. Qd7+ Kh6 44. Kf1 Bf6 45. Qg4 Qf3 46. d5 Qh1+ 47. Ng1 e3 48. Qf3 e2+ 49. Kxe2 Qxg1 50. Qxf6 Kh5 51. d6 Qb1 52. Qh8+ Kg5 53. Qe5+ Kh6 54. Qd4 1-0

[Event "FIDE Womens World Cup 2021"]
[Site "Sochi"]
[Date "2021.07.15"]
[Round "2.1"]
[White "Paehtz, Elisabeth"]
[Black "Salimova, Nurgyul"]
[Result "1/2-1/2"]
[ECO "D47"]
[WhiteElo "2466"]
[BlackElo "2395"]
[Annotator "ChessBase"]
[PlyCount "81"]
[EventDate "2021.07.12"]
[EventType "k.o."]
[EventCountry "RUS"]
[SourceTitle "playchess.com"]
[Source "ChessBase"]
[SourceQuality "1"]
[TimeControl "40/5400+30:1800+30"]

1. d4 Nf6 2. Nf3 e6 3. c4 d5 4. Nc3 c6 5. e3 Nbd7 6. Bd3 dxc4 7. Bxc4 b5 8. Bd3 Bb7 9. O-O a6 10. a4 b4 11. Ne4 c5 12. Nxf6+ Nxf6 13. dxc5 Bxc5 14. Qe2 O-O 15. e4 Nd7 16. Bf4 Qe7 17. e5 Rfd8 18. Rac1 Nf8 19. h4 h6 20. h5 a5 21. Rfd1 Rac8 22. Be4 Bxe4 23. Qxe4 Qa7 24. Qe2 Rxd1+ 25. Rxd1 Bb6 26. Nh2 Qc7 27. Rc1 Qd7 28. Rxc8 Qxc8 29. Ng4 Nd7 30. Qd2 Nc5 31. Bxh6 Ne4 32. Qf4 Nxf2 33. Kh2 Nxg4+ 34. Qxg4 Qf8 35. Kh3 Kh7 36. Bg5 Qc5 37. Qe4+ Kg8 38. Qa8+ Kh7 39. Qe4+ Kg8 40. b3 Qc3+ 41. g3 1/2-1/2

[Event "FIDE Womens World Cup 2021"]
[Site "Sochi"]
[Date "2021.07.15"]
[Round "2.1"]
[White "Stefanova, Antoaneta"]
[Black "Maltsevskaya, Aleksandra"]
[Result "1/2-1/2"]
[ECO "B31"]
[WhiteElo "2463"]
[BlackElo "2382"]
[Annotator "ChessBase"]
[PlyCount "88"]
[EventDate "2021.07.12"]
[EventType "k.o."]
[EventCountry "RUS"]
[SourceTitle "playchess.com"]
[Source "ChessBase"]
[SourceQuality "1"]
[TimeControl "40/5400+30:1800+30"]

1. e4 c5 2. Nf3 Nc6 3. Bb5 g6 4. O-O Bg7 5. c3 Nf6 6. Re1 O-O 7. h3 e5 8. d4 cxd4 9. cxd4 Nxd4 10. Nxd4 exd4 11. Qxd4 Ng4 12. Qd6 Be5 13. Qd2 Qh4 14. Re2 h6 15. Nc3 Bh2+ 16. Kf1 Kh7 17. Nd5 d6 18. Qc3 Be5 19. Qa3 f5 20. Bf4 Bxf4 21. Nxf4 Nh2+ 22. Kg1 Qxf4 23. exf5 Nf3+ 24. Qxf3 Qxf3 25. fxg6+ Kxg6 26. gxf3 Bxh3 27. Rd1 Rad8 28. Bd3+ Kf6 29. Be4 Be6 30. Bd5 Rg8+ 31. Kh2 Bf7 32. Re4 Bxd5 33. Rxd5 Rg5 34. Rdd4 h5 35. Rf4+ Ke6 36. Rde4+ Kd7 37. Rf7+ Kc6 38. Rc4+ Kd5 39. Ra4 Ke6 40. Rxb7 Rdg8 41. Re4+ Kf6 42. Rf4+ Ke6 43. Re4+ Kf6 44. Rf4+ Ke5 1/2-1/2

[Event "FIDE Womens World Cup 2021"]
[Site "Sochi"]
[Date "2021.07.15"]
[Round "2.1"]
[White "Bodnaruk, Anastasia"]
[Black "Zawadzka, Jolanta"]
[Result "0-1"]
[ECO "B32"]
[WhiteElo "2446"]
[BlackElo "2403"]
[Annotator "NA"]
[PlyCount "84"]
[EventDate "2021.07.12"]
[EventType "k.o."]
[EventCountry "RUS"]
[SourceTitle "playchess.com"]
[Source "ChessBase"]
[SourceQuality "1"]
[TimeControl "40/5400+30:1800+30"]

1. e4 c5 2. Nf3 Nc6 3. d4 cxd4 4. Nxd4 e5 5. Nb5 d6 6. N1c3 a6 7. Na3 Be7 8. Nc4 b5 9. Ne3 Nf6 10. g3 h5 11. Bg2 h4 12. O-O Rb8 13. Ncd5 Nxd5 14. Nxd5 h3 15. Bh1 Be6 16. Be3 Qd7 17. c3 Bd8 18. b4 Ne7 19. Nxe7 Bxe7 20. f4 exf4 21. gxf4 Bh4 22. f5 Bc4 23. Rf4 Qe7 24. Rg4 g6 25. Qd2 Bf6 26. Bf3 Kd7 27. Kh1 gxf5 28. exf5 Rbe8 29. Bd4 Bxd4 30. Rxd4 Rh4 31. Rxh4 Qxh4 32. Rd1 Kc8 33. f6 Re2 34. Bxe2 Qe4+ 35. Bf3 Qxf3+ 36. Kg1 Be2 37. Qg5 Bxd1 38. Qg8+ Kc7 39. Qxf7+ Kb6 40. Qg8 Qe3+ 41. Kf1 Qe2+ 42. Kg1 Qe1# 0-1

[Event "FIDE Womens World Cup 2021"]
[Site "Sochi"]
[Date "2021.07.15"]
[Round "2.1"]
[White "Galliamova, Alisa"]
[Black "Hoang, Thanh Trang"]
[Result "1-0"]
[ECO "A40"]
[WhiteElo "2442"]
[BlackElo "2404"]
[Annotator "NA"]
[PlyCount "83"]
[EventDate "2021.07.12"]
[EventType "k.o."]
[EventCountry "RUS"]
[SourceTitle "playchess.com"]
[Source "ChessBase"]
[SourceQuality "1"]
[TimeControl "40/5400+30:1800+30"]

1. d4 e6 2. Bf4 f5 3. e3 Nf6 4. Be2 Be7 5. c4 b6 6. Nh3 Bb7 7. O-O O-O 8. Nc3 Ne4 9. Nxe4 fxe4 10. f3 exf3 11. Bxf3 Bxf3 12. Qxf3 Nc6 13. d5 exd5 14. Qxd5+ Kh8 15. Rad1 Bf6 16. b3 Nb4 17. Qxd7 Qxd7 18. Rxd7 c5 19. a3 Nc6 20. Bg5 Bb2 21. a4 h6 22. Bh4 Rxf1+ 23. Kxf1 Ne5 24. Rb7 Ng4 25. Ke2 g5 26. Bg3 Re8 27. Rb8 Rxb8 28. Bxb8 Be5 29. Bxa7 Bc7 30. Nf2 Nxh2 31. Ne4 Ng4 32. Nc3 Nf6 33. Nd5 Nxd5 34. cxd5 Kg7 35. d6 Bd8 36. Bb8 Kf7 37. Bc7 Ke8 38. Bxd8 Kxd8 39. e4 Kd7 40. e5 h5 41. Kf3 Ke6 42. Ke4 1-0

[Event "FIDE Womens World Cup 2021"]
[Site "Sochi"]
[Date "2021.07.15"]
[Round "2.1"]
[White "Sebag, Marie"]
[Black "Skripchenko, Almira"]
[Result "1/2-1/2"]
[ECO "B01"]
[WhiteElo "2438"]
[BlackElo "2411"]
[Annotator "NA"]
[PlyCount "39"]
[EventDate "2021.07.12"]
[EventType "k.o."]
[EventCountry "RUS"]
[SourceTitle "playchess.com"]
[Source "ChessBase"]
[SourceQuality "1"]
[TimeControl "40/5400+30:1800+30"]

1. e4 d5 2. exd5 Qxd5 3. Nc3 Qd8 4. d4 Nf6 5. Nf3 g6 6. h3 Bg7 7. Bd3 O-O 8. O-O Nc6 9. Be3 Nb4 10. Bc4 Nbd5 11. Nxd5 Nxd5 12. Bg5 c6 13. Re1 Be6 14. Bb3 Nc7 15. c3 Bf6 16. Bh6 Bg7 17. Bg5 Bf6 18. Bh6 Bg7 19. Bg5 Bf6 20. Rf1 1/2-1/2

[Event "FIDE Womens World Cup 2021"]
[Site "Sochi"]
[Date "2021.07.15"]
[Round "2.1"]
[White "Yip, Carissa"]
[Black "Buksa, Nataliya"]
[Result "1-0"]
[ECO "B48"]
[WhiteElo "2430"]
[BlackElo "2413"]
[Annotator "NA"]
[PlyCount "97"]
[EventDate "2021.07.12"]
[EventType "k.o."]
[EventCountry "RUS"]
[SourceTitle "playchess.com"]
[Source "ChessBase"]
[SourceQuality "1"]
[TimeControl "40/5400+30:1800+30"]

1. Nf3 c5 2. e4 e6 3. d4 cxd4 4. Nxd4 Nc6 5. Nc3 Qc7 6. Be3 a6 7. Qd2 Nf6 8. O-O-O Be7 9. f4 b5 10. Bd3 Bb7 11. e5 Nxd4 12. Bxd4 b4 13. exf6 bxc3 14. Bxc3 Bxf6 15. Bxf6 gxf6 16. Rhe1 Rb8 17. Kb1 Bc6 18. c4 Ba4 19. Rc1 Qc5 20. g4 h6 21. h4 Ke7 22. Qc3 Bc6 23. Rcd1 Rhg8 24. g5 hxg5 25. fxg5 fxg5 26. Rf1 f5 27. Rde1 Kd6 28. hxg5 Rxg5 29. Bxf5 Kc7 30. Bc2 Rg4 31. Bb3 Be4+ 32. Ka1 a5 33. Bd1 Rg2 34. Rxe4 Rbxb2 35. Qxb2 Rxb2 36. Kxb2 Qb4+ 37. Bb3 a4 38. Rd1 axb3 39. axb3 Qa5 40. c5 Kb8 41. b4 Qb5 42. Kb3 Kc8 43. Red4 d5 44. cxd6 Kd7 45. Rc4 Qh5 46. Rc7+ Kd8 47. Rd2 e5 48. d7 Qf3+ 49. Kb2 1-0

[Event "FIDE Womens World Cup 2021"]
[Site "Sochi"]
[Date "2021.07.15"]
[Round "2.1"]
[White "Ushenina, Anna"]
[Black "Cyfka, Karina"]
[Result "1-0"]
[ECO "E01"]
[WhiteElo "2429"]
[BlackElo "2417"]
[Annotator "NA"]
[PlyCount "141"]
[EventDate "2021.07.12"]
[EventType "k.o."]
[EventCountry "RUS"]
[SourceTitle "playchess.com"]
[Source "ChessBase"]
[SourceQuality "1"]
[TimeControl "40/5400+30:1800+30"]

1. d4 Nf6 2. c4 e6 3. g3 d5 4. Bg2 Bb4+ 5. Bd2 Bxd2+ 6. Qxd2 O-O 7. Nf3 c6 8. O-O Nbd7 9. Ne5 dxc4 10. Nxc4 Qe7 11. Nc3 Rd8 12. Rfd1 Nb6 13. Ne5 Nfd7 14. Nf3 Nf6 15. Qc2 Bd7 16. e4 c5 17. e5 Ne8 18. Ne4 c4 19. Neg5 f5 20. exf6 gxf6 21. Ne4 Bc6 22. Re1 Ng7 23. Rad1 Qf7 24. Qc1 Rac8 25. h4 Kh8 26. a3 Rc7 27. g4 Bxe4 28. Rxe4 Nd5 29. Rde1 c3 30. h5 Rc6 31. h6 Ne8 32. g5 Rdc8 33. Bh3 Nec7 34. Rg4 Rg8 35. Rg3 Nb5 36. a4 Nbc7 37. bxc3 Rxc3 38. Qd2 Qh5 39. Bg4 Qe8 40. Rc1 Rxc1+ 41. Qxc1 b5 42. axb5 Nxb5 43. Qe1 Nbc7 44. gxf6 Qf7 45. Qe5 Qxf6 46. Qxf6+ Nxf6 47. Ne5 Rf8 48. Be2 Ng8 49. Rg7 Nd5 50. Bd3 Nxh6 51. Rxh7+ Kg8 52. Rxh6 Rf4 53. Rxe6 Rxd4 54. Rd6 Kf8 55. Bc4 Rd1+ 56. Kh2 Nc3 57. Rxd1 Nxd1 58. Kg3 a5 59. Kf3 Nb2 60. Be2 Na4 61. Nc4 Nc5 62. Nxa5 Ke7 63. Kf4 Kf6 64. Bc4 Nd7 65. Nc6 Nb6 66. Ne5 Nc8 67. Ng4+ Ke7 68. Ke5 Nb6 69. Bb5 Nc8 70. Ne3 Kf7 71. Nd5 1-0

[Event "FIDE Womens World Cup 2021"]
[Site "Sochi"]
[Date "2021.07.15"]
[Round "2.1"]
[White "Matnadze, Ana"]
[Black "Badelka, Olga"]
[Result "1/2-1/2"]
[ECO "A46"]
[WhiteElo "2421"]
[BlackElo "2418"]
[Annotator "NA"]
[PlyCount "111"]
[EventDate "2021.07.12"]
[EventType "k.o."]
[EventCountry "RUS"]
[SourceTitle "playchess.com"]
[Source "ChessBase"]
[SourceQuality "1"]
[TimeControl "40/5400+30:1800+30"]

1. d4 Nf6 2. Nf3 e6 3. c4 d5 4. Qb3 Be7 5. g3 a6 6. a4 Nc6 7. c5 e5 8. dxe5 Ne4 9. Bg2 Bxc5 10. O-O Be6 11. a5 O-O 12. Bf4 g5 13. Bc1 g4 14. Ne1 Nxe5 15. Nd3 Nxd3 16. exd3 Ng5 17. Qc3 Be7 18. Ra4 Rc8 19. Qb3 Qd7 20. d4 c5 21. dxc5 Rxc5 22. Rd4 Bf6 23. Rf4 Bg7 24. Rb4 Nh3+ 25. Bxh3 gxh3 26. Rxb7 Qc8 27. Bf4 d4 28. Qb4 Qc6 29. f3 Rc2 30. Nd2 Rc1 31. Rb8 Rxf1+ 32. Kxf1 Bc8 33. Qc4 Qd7 34. Qd3 Bb7 35. Rxf8+ Kxf8 36. Qxh7 Qb5+ 37. Kf2 Qc5 38. Qxh3 d3+ 39. Be3 Qxa5 40. Qd7 Qd5 41. Qxd5 Bxd5 42. Bc5+ Kg8 43. b4 Bc3 44. Nb1 Bb2 45. Ke3 Bc1+ 46. Kxd3 Bxf3 47. Be3 Bh5 48. Bxc1 Bg6+ 49. Kd4 Bxb1 50. Ke5 Bd3 51. g4 Bc2 52. Kf6 Bd3 53. h4 Bc2 54. g5 Bd3 55. h5 Bc2 56. Bd2 1/2-1/2